 Dungeon Crawl Stone Soup version 0.29-a0-648-g6b26cc9f40 (webtiles) character file.

Game seed: 10797025341642315504

748 ZappyNine the Skirmisher (level 7, -1/39 HPs)
             Began as a Vine Stalker Fighter on June 20, 2022.
             Was a Believer of Uskayaw.
             Slain by a water moccasin (2 damage)
             ... on level 5 of the Dungeon.
             The game lasted 00:03:54 (2866 turns).

ZappyNine the Skirmisher (Vine Stalker Fighter)     Turns: 2866, Time: 00:03:55

Health: -1/39      AC:  7    Str: 20    XL:     7   Next: 77%
Magic:  0/10       EV:  9    Int:  8    God:    Uskayaw [**....]
Gold:   182        SH:  5    Dex: 14    Spells: 6/6 levels left

rFire   . . .      SeeInvis .   k - +3 dagger
rCold   . . .      Faith    .   c - +0 buckler
rNeg    . . .      Spirit   +   b - +0 scale mail
rPois   .          Reflect  .   (no helmet)
rElec   .          Harm     .   i - +0 cloak
rCorr   .          Rampage  .   (no gloves)
Will    .....                   (no boots)
Stlth   ..........              (no amulet)
HPRegen 0.93/turn               (no ring)
MPRegen 0.12/turn               (no ring)

@: no status effects
A: fangs 2, regeneration 1, magic shield, antimagic bite, no potion heal 2
a: Renounce Religion, Stomp, Line Pass


You were on level 5 of the Dungeon.
You worshipped Uskayaw.
Uskayaw was noncommittal.
You visited 1 branch of the dungeon, and saw 5 of its levels.

You collected 182 gold pieces.

Inventory:

Hand Weapons
 a - a +0 rapier
 k - a +3 dagger (weapon)
Missiles
 o - an atropa-tipped dart (quivered)
 r - a throwing net
Armour
 b - a +0 scale mail (worn)
 c - a +0 buckler (worn)
 i - a +0 cloak (worn)
Jewellery
 q - a ring of willpower
Scrolls
 d - 2 scrolls of vulnerability {unknown}
 e - 2 scrolls of brand weapon {unknown}
 f - a scroll of blinking {unknown}
 h - 3 scrolls of identify {unknown}
 p - 3 scrolls of teleportation {unknown}
Potions
 g - 3 potions of curing
 j - 2 potions of mutation {unknown}
 l - a potion of heal wounds {unknown}
 m - a potion of brilliance {unknown}
 n - a potion of degeneration {unknown}


   Skills:
 + Level 5.0 Fighting
 + Level 4.5 Short Blades
 - Level 2.4 Armour
 - Level 4.0 Shields
 * Level 3.5 Invocations


You had 6 spell levels left.
You didn't know any spells.
Your spell library contained the following spells:

 Spells                   Type           Power      Damage    Failure   Level
 Sting                    Tmut/Pois      0%         1d3       86%         1
 Poisonous Vapours        Pois/Air       0%         N/A       94%         2
 Ozocubu's Armour         Ice            0%         N/A       99%         3
 Olgreb's Toxic Radiance  Pois           0%         N/A       100%        4
 Ozocubu's Refrigeration  Ice            0%         4d5       100%        7
 Borgnjor's Revivificati  Necr           0%         N/A       100%        8
 Necromutation            Tmut/Necr      0%         N/A       100%        8
 Death's Door             Necr           0%         N/A       100%        9


Dungeon Overview and Level Annotations

Branches:
Dungeon (5/15)             Temple (0/1) D:5

Altars:
Uskayaw

Shops:
D:1 !


Innate Abilities, Weirdness & Mutations

You have extremely sharp teeth.
Your natural rate of healing is unusually fast.
When hurt, damage is shared between your health and your magic reserves.
Your bite disrupts and absorbs the magic of your enemies.
Potions cannot restore your health.


Message History

Press: ? - help, Dir - move target, f - water moccasin
Aim: a water moccasin (severely wounded)
You can't stand on top of the monster!
Aiming: Line Pass
Press: ? - help, Dir - move target, p - water moccasin The water moccasin appears confused.
You can no longer pass through a line of other dancers.
You feel very sick. The orc hits you with a +0 hand axe.
* * * LOW HITPOINT WARNING * * *
Unknown command.
* * * LOW HITPOINT WARNING * * *
You feel very sick. You block the water moccasin's attack.
The water moccasin barely misses you. The orc hits you with a +0 hand axe.
* * * LOW HITPOINT WARNING * * *
You see here a +2 flail of protection.
You hit the water moccasin.
The water moccasin is almost dead.
* * * LOW HITPOINT WARNING * * *
You feel very sick.
The water moccasin seems less confused.
The water moccasin bites you.
* * * LOW HITPOINT WARNING * * *
The orc barely misses you.
Unknown command.
You hit the water moccasin. You bite the water moccasin. You drain its power.
You feel invigorated.
The water moccasin is almost dead.
* * * LOW HITPOINT WARNING * * *
You feel sick. The water moccasin bites you.
* * * LOW HITPOINT WARNING * * *
You are more poisoned.
The water moccasin poisons you!
You can now pass through a line of other dancers.
Unknown command.
It was a potion of curing.
Your system rejects the healing.
You feel better. The water moccasin bites you.
* * * LOW HITPOINT WARNING * * *
The orc hits you but does no damage. The water moccasin bites you.
You die...

#### #.. #### #.# #
...# #########.# .##.#
##.#####...).....##.>..
......##.###.......#
##.##.##.#
#.###S#.###.#
##.##.##.#
#.###@o.....# #.
...##.##.#
#.##....##### #...
##.##....# #.##..#.#
#...# ...#######
#>##..#.# #...# ####
........# #...# # ##..#
# #####...## #### #..#
.......... ...# ...#
.......... ##.# ##.#
..........


You could see a water moccasin and an orc.

Vanquished Creatures
  An ogre (D:5)
  A centaur (D:5)
  2 phantoms (D:4)
  2 scorpions (D:5)
  A howler monkey (D:3)
  A hound (D:4)
  An orc priest (D:5)
  An orc wizard (D:5)
  3 iguanas
  2 adders
  An ufetubus (D:5)
  A worm (D:2)
  4 dart slugs
  11 orcs
  5 endoplasms
  A giant cockroach (D:4)
  5 goblins
  5 hobgoblins
  6 jackals
  A quokka (D:3)
  4 ball pythons
  2 bats
  A frilled lizard (D:3)
  5 kobolds
  4 rats
71 creatures vanquished.

Notes
Turn   | Place    | Note
-------+----------+-------------------------------------------
     0 | D:1      | ZappyNine the Vine Stalker Fighter began the quest for the
                  | Orb.
     0 | D:1      | Reached XP level 1. HP: 11/11 MP: 2/2
   145 | D:1      | Found Nuin's Distillery.
   334 | D:1      | Reached XP level 2. HP: 16/16 MP: 1/3
   369 | D:1      | Reached skill level 3 in Fighting
   385 | D:1      | You fall into a shaft and drop 1 floor!
   623 | D:2      | Reached XP level 3. HP: 20/20 MP: 4/4
   989 | D:3      | Gained mutation: Your natural rate of healing is unusually
                  | fast. [Vine Stalker growth]
   989 | D:3      | Reached XP level 4. HP: 5/25 MP: 1/5
  1735 | D:4      | Noticed a phantom
  1757 | D:4      | Killed a phantom
  1758 | D:4      | Reached skill level 4 in Fighting
  1758 | D:4      | Reached XP level 5. HP: 24/29 MP: 6/6
  1823 | D:4      | Found a hide-covered altar of Uskayaw.
  1831 | D:4      | Noticed a phantom
  1837 | D:4      | Became a worshipper of Uskayaw the Reveller
  1839 | D:4      | Reached * piety under Uskayaw
  1845 | D:4      | Reached ** piety under Uskayaw
  1852 | D:4      | Reached *** piety under Uskayaw
  1853 | D:4      | Killed a phantom
  1854 | D:4      | Reached XP level 6. HP: 34/34 MP: 7/7
  2250 | D:4      | Reached skill level 1 in Invocations
  2380 | D:5      | Entered Level 5 of the Dungeon
  2408 | D:5      | Reached XP level 7. HP: 38/38 MP: 6/9
  2554 | D:5      | Found a staircase to the Ecumenical Temple.
  2837 | D:5      | Reached skill level 5 in Fighting
  2865 | D:5      | HP: 1/39 [water moccasin (1)]
  2866 | D:5      | Slain by a water moccasin

Illustrated notes

Levels and vault maps discovered:
D:1:      kennysheep_arrival_seaside, layout_basic, serial_shops,
          nicolae_shop_waterfront, shapermc_ecumenical_altar_petra
D:2:      minmay_spotlight, layout_basic
D:3:      layout_loops_cross, small_statue_intersection
D:4:      layout_cave_pools, mainiacjoe_overflow_alcove_1,
          kennysheep_minor_cross
D:5:      layout_loops_cross, gammafunk_temple_overflow_claw,
          minmay_temple_entry_proselytizer, kennysheep_generic_room_14

Skill      XL: |  1  2  3  4  5  6  7 |
---------------+----------------------+-----
Short Blades   | 2 3 4 |  4.5
Fighting       | 3 4 5 |  5.0
Shields        | 3 4 |  4.0
Invocations    | 1 3 |  3.5
Armour         | |  2.4

Action                   |  1- 3 |  4- 6 |  7- 9 || total
-------------------------+-------+-------+-------++-------
Melee: Rapier            |    60 |     4 |       ||    64
       Bite              |    16 |    29 |    27 ||    72
       Dagger            |       |   122 |    82 ||   204
Throw: Dart              |       |       |     2 ||     2
Invok: Stomp             |       |       |     1 ||     1
       Line Pass         |       |       |     1 ||     1
  Use: Potion            |     1 |       |     2 ||     3
 Stab: Paralysed         |       |     2 |       ||     2
Armor: Scale mail        |    19 |    42 |    35 ||    96
Dodge: Dodged            |    28 |    35 |    26 ||    89
Block: Buckler           |     8 |    20 |    10 ||    38

Table legend: (Time is in decaauts)
 A = Elapsed time spent in this place.
 B = Non-inter-level travel time spent in this place.
 C = Inter-level travel time spent in this place.
 D = Time resting spent in this place.
 E = Time spent auto-exploring this place.
 F = Levels seen in this place.
 G = Mean time per level.
                   A        B        C        D        E       F      G
               +--------+--------+--------+--------+--------+-----+--------+
         Total |   2841 |   2791 |     50 |    404 |   1808 |   5 |  568.2 |
       Dungeon |   2841 |   2791 |     50 |    404 |   1808 |   5 |  568.2 |
               +--------+--------+--------+--------+--------+-----+--------+

Top non-repeatable levels by time:
     D:4: 792 daAuts
     D:2: 597 daAuts
     D:3: 595 daAuts
     D:5: 468 daAuts
     D:1: 388 daAuts
